[Event "Titled Tuesday Blitz October 18 Late 2022"]
[White "Sargsyan, Anna M."]
[Black "Galchenko, Matvey"]
[WhiteFideId "13308130"]
[BlackFideId "24175480"]
[WhiteElo "2284"]
[BlackElo "2423"]
[Result "0-1"]
[Round "05"]
[TimeControl "180+1"]
[Date "2022.10.18"]
[WhiteClock "0:00:10"]
[BlackClock "0:01:15"]

1. d4 Nf6 2. c4 c5 3. d5 e6 4. Nc3 exd5 5. cxd5 d6 6. Nf3 g6 7. Nd2 Bg7 8. Nc4 O-O 9. Bf4 Ne8 10. e3 b6 11. Be2 Ba6 12. a4 Bxc4 13. Bxc4 a6 14. O-O Nd7 15. Bg3 Qe7 16. Qc2 Nc7 17. Rab1 Rab8 18. b4 f5 19. bxc5 bxc5 20. a5 Rb4 21. Na4 Ne5 22. Rxb4 cxb4 23. Nb6 g5 24. f3 Nxc4 25. Nxc4 f4 26. exf4 gxf4 27. Bf2 Nxd5 28. Qd2 Nc3 29. Re1 Qc7 30. Nxd6 Rd8 31. Re8+ Rxe8 32. Nxe8 Qe7 33. Nxg7 Qe2 34. Qxe2 Nxe2+ 35. Kf1 b3 36. Bh4 b2 0-1


[Site "https://www.chess.com"]

[Event "Titled Tuesday Blitz October 18 Late 2022"]
[White "Schut, Han"]
[Black "Bongo Akanga Ndjila, Barthelemy"]
[WhiteFideId "1005561"]
[BlackFideId "10609431"]
[WhiteElo "2024"]
[BlackElo "1768"]
[Result "1/2-1/2"]
[Round "05"]
[TimeControl "180+1"]
[Date "2022.10.19"]
[WhiteClock "0:00:11"]
[BlackClock "0:01:22"]

1. e4 c6 2. d4 d5 3. e5 Bf5 4. Nf3 e6 5. Be2 c5 6. Be3 Nc6 7. Nc3 cxd4 8. Nxd4 Nge7 9. f4 a6 10. O-O Bg6 11. Qd2 Nf5 12. Nxf5 Bxf5 13. g4 d4 14. gxf5 dxe3 15. Qxd8+ Rxd8 16. fxe6 fxe6 17. Rad1 Rxd1 18. Rxd1 Bc5 19. Ne4 Be7 20. Nd6+ Bxd6 21. Rxd6 Ke7 22. Bc4 Nd8 23. Kg2 Rf8 24. Kf3 g5 25. Rd4 Nc6 26. Re4 gxf4 27. Be2 Rf5 28. Rxf4 Nxe5+ 29. Kxe3 Rg5 30. Ke4 Nc6 31. Bg4 Re5+ 32. Kd3 h5 33. Bf3 Kd6 34. Bxc6 Kxc6 35. Re4 Rd5+ 36. Kc4 Rd2 37. Rxe6+ Kd7 38. Rh6 Rxh2 39. Rh7+ Kc6 40. Rh6+ Kc7 41. Rh7+ Kb8 42. c3 h4 43. a4 Rh1 44. b4 h3 45. a5 h2 46. Rh6 Kc7 47. Rh7+ Kd6 48. Rh6+ Ke5 49. Rh7 Kf4 50. Kc5 Ke4 51. Kb6 Kd3 52. Kxb7 Kxc3 53. Kxa6 Kxb4 54. Rh4+ Kc5 55. Rh5+ Kc6 56. Rh6+ Kd7 57. Rh7+ Ke6 58. Ka7 Kf6 59. a6 Kg6 60. Rh3 Kf7 61. Ka8 Ke6 62. a7 Kd7 63. Rh7+ Ke6 64. Rh6+ Kf5 65. Rh8 Kf6 66. Rh6+ Kg7 67. Rh3 Kg6 68. Rh8 Kg7 69. Rh3 Kg6 70. Rh8 Kg7 71. Rh3 1/2-1/2


[Site "https://www.chess.com"]

[Event "Titled Tuesday Blitz October 18 Late 2022"]
[White "Sibilio, Mario"]
[Black "Aguilar, Juan"]
[WhiteFideId "800422"]
[BlackFideId "3800091"]
[WhiteElo "2296"]
[BlackElo "2441"]
[Result "0-1"]
[Round "05"]
[TimeControl "180+1"]
[Date "2022.10.19"]
[WhiteClock "0:00:01"]
[BlackClock "0:00:05"]

1. Nf3 Nf6 2. c4 g6 3. b3 Bg7 4. Bb2 O-O 5. g3 d6 6. Bg2 e5 7. d3 Nc6 8. O-O Bd7 9. Nc3 Qc8 10. Re1 Bh3 11. Bh1 Bg4 12. Rc1 Qd7 13. Qd2 Nd4 14. Ng5 Bh6 15. f3 Be6 16. h4 Nh5 17. e3 Nc6 18. g4 Bxg4 19. fxg4 Qxg4+ 20. Qg2 Qxh4 21. Nf3 Qg3 22. Nd5 Qxg2+ 23. Bxg2 Rac8 24. c5 Rfe8 25. Kf2 Bg7 26. Nd2 Nf6 27. cxd6 cxd6 28. Nc4 Rcd8 29. Nc7 Rf8 30. Ba3 Ne8 31. Bd5 Nxc7 32. Bxc6 bxc6 33. Bxd6 Ne6 34. Bxf8 Bxf8 35. Red1 f6 36. Na5 Nc5 37. Ke2 e4 38. d4 Nd3 39. Rxc6 Bd6 40. Nc4 Be7 41. Re6 Kf7 42. Rxe4 Nb4 43. a3 Nd5 44. Rg4 f5 45. Rgg1 Nc3+ 46. Kd3 Nxd1 47. Rxd1 h5 0-1


[Site "https://www.chess.com"]

[Event "Titled Tuesday Blitz October 18 Late 2022"]
[White "Sivakumar, Shaaketh"]
[Black "Pham, Khoi"]
[WhiteFideId "30940176"]
[BlackFideId "1054988"]
[WhiteElo "2174"]
[BlackElo "2457"]
[Result "0-1"]
[Round "05"]
[TimeControl "180+1"]
[Date "2022.10.19"]
[WhiteClock "0:00:05"]
[BlackClock "0:00:04"]

1. d4 f5 2. Nf3 Nf6 3. Bf4 g6 4. e3 Bg7 5. c4 d6 6. Be2 O-O 7. O-O Qe8 8. Nc3 Nh5 9. Rc1 c6 10. b4 e5 11. Bg5 h6 12. Bh4 g5 13. dxe5 dxe5 14. Nxg5 hxg5 15. Bxh5 Qe7 16. Bg3 f4 17. exf4 gxf4 18. Ne4 fxg3 19. hxg3 Bf5 20. Re1 Nd7 21. Nd6 Bh7 22. c5 Nf6 23. Be2 Rad8 24. Bc4+ Kh8 25. Qb3 Rxd6 26. cxd6 Qxd6 27. Rcd1 Qe7 28. Qe3 Ng4 29. Qc5 Qg5 30. Be6 Nxf2 31. Rf1 Qh5 32. Bh3 Nxh3+ 33. gxh3 Rg8 34. Kh2 Bf5 35. h4 Qg4 36. Qe3 Qh3+ 37. Kg1 Bh7 38. Rf2 Bf6 39. Rg2 Qg4 40. Rf1 Bd8 41. Qd2 Bb6+ 42. Kh2 e4 43. Qc3+ Qg7 44. Qc2 e3 45. Qe2 Qe5 46. Rf4 Bc7 47. Rf3 Qe4 48. Rxe3 Qxh4+ 49. Kg1 Qh6 50. Qb2+ Qg7 51. Qe2 Bb6 52. g4 Qg5 53. Rg3 Bxe3+ 54. Qxe3 Qxe3+ 55. Rxe3 Rxg4+ 56. Kf2 Rxb4 57. Re7 Kg8 58. Ke3 Rb2 59. Kd4 Rxa2 60. Rxb7 Bg6 61. Kc5 Be4 62. Re7 Bd5 63. Re8+ Kf7 64. Re1 a5 65. Rb1 a4 66. Kb4 Ke6 67. Kc5 Kd7 68. Re1 a3 69. Rg1 Rc2+ 70. Kb4 a2 71. Rg7+ Kd6 72. Rg1 Kc7 73. Ka3 Kb6 74. Rc1 Rxc1 75. Kb4 Rb1+ 76. Kc3 a1=Q+ 77. Kd2 Qb2+ 78. Kd3 Rd1+ 79. Ke3 Qd4+ 80. Ke2 Bc4+ 81. Kf3 Rf1+ 82. Kg3 Qf4+ 83. Kg2 Rf2+ 84. Kh3 Rh2# 0-1


[Site "https://www.chess.com"]

[Event "Titled Tuesday Blitz October 18 Late 2022"]
[White "Souleidis, Georgios"]
[Black "Torres Boch, Jose Francisco"]
[WhiteFideId "4206827"]
[BlackFideId "2278383"]
[WhiteElo "2401"]
[BlackElo "2073"]
[Result "0-1"]
[Round "05"]
[TimeControl "180+1"]
[Date "2022.10.19"]
[WhiteClock "0:00:10"]
[BlackClock "0:00:45"]

1. e4 e5 2. Nc3 Nc6 3. f4 exf4 4. Nf3 g5 5. d4 g4 6. Ne5 Nxe5 7. dxe5 Qh4+ 8. Ke2 f3+ 9. Kd3 b6 10. Nd5 Ba6+ 11. c4 O-O-O 12. Bf4 c6 13. Ne3 d5 14. Kc2 dxe4 15. Qe1 Qe7 16. a3 Bg7 17. Qc3 Re8 18. Nxg4 h5 19. Ne3 Bxe5 20. Bxe5 Qxe5 21. gxf3 Qxc3+ 22. Kxc3 exf3 23. Bh3+ Kc7 24. Nf5 Ne7 25. Nd4 c5 26. Nxf3 Bb7 27. Rhf1 Ng6 28. Kd2 Nf4 29. Bf5 Re2+ 30. Kc3 Re3+ 31. Kc2 Rxf3 32. Rxf3 Bxf3 33. Rf1 Ne2 34. Kd3 Nd4 35. b4 Be2+ 0-1


[Site "https://www.chess.com"]

[Event "Titled Tuesday Blitz October 18 Late 2022"]
[White "Souza Santos, Carlos Roberto"]
[Black "Yano, William Jorge Froes"]
[WhiteFideId "2150603"]
[BlackFideId "2112949"]
[WhiteElo "2064"]
[BlackElo "2122"]
[Result "0-1"]
[Round "05"]
[TimeControl "180+1"]
[Date "2022.10.19"]
[WhiteClock "0:00:42"]
[BlackClock "0:00:11"]

1. e4 e6 2. d3 d5 3. Nd2 Nf6 4. Ngf3 h6 5. g3 c5 6. Bg2 Nc6 7. O-O Be7 8. Qe2 O-O 9. Re1 b6 10. e5 Nd7 11. Nf1 Ba6 12. h4 Qc7 13. Bf4 Rac8 14. b3 Nd4 15. Qd2 Nxf3+ 16. Bxf3 c4 17. Rac1 Ba3 18. Rcd1 cxd3 19. cxd3 Qc2 20. Nh2 Qxd2 21. Bxd2 Bxd3 22. Ng4 Bc2 23. Kg2 Bxd1 24. Bxd1 Rc7 25. h5 Rfc8 26. Bxh6 gxh6 27. Nxh6+ Kg7 28. Ng4 Rc1 29. h6+ Kh7 30. Rh1 Rg8 31. Ne3 Nxe5 32. Bc2+ Ng6 33. Bd1 d4 34. Ng4 Be7 35. Kf3 f5 36. Nh2 e5 37. Kg2 Rgc8 38. g4 f4 39. Nf3 Ra1 40. g5 Rcc1 41. Rg1 Rxd1 42. Rxd1 Rxd1 43. Kh3 e4 44. Nh2 d3 45. Kg4 Rh1 46. Kh3 Bd6 47. Kg2 Rxh2+ 48. Kxh2 d2 49. Kh3 d1=Q 50. b4 Qf3+ 51. Kh2 Qxf2+ 52. Kh3 Qg3# 0-1


[Site "https://www.chess.com"]

[Event "Titled Tuesday Blitz October 18 Late 2022"]
[White "Storey, Charles H"]
[Black "miragha_yev"]
[WhiteFideId "406686"]
[WhiteElo "2252"]
[BlackElo "2760"]
[Result "0-1"]
[Round "05"]
[TimeControl "180+1"]
[Date "2022.10.18"]
[WhiteClock "0:00:52"]
[BlackClock "0:01:44"]

1. c4 c6 2. Nf3 d5 3. e3 e6 4. d4 Bd6 5. Nc3 Nf6 6. Qc2 Nbd7 7. e4 dxe4 8. Nxe4 Nxe4 9. Qxe4 Nf6 10. Qc2 c5 11. dxc5 Bxc5 12. Be2 O-O 13. O-O b6 14. Ne5 Bb7 15. Bf3 Bxf3 16. Nxf3 Qc7 17. Bg5 Be7 18. Rac1 h6 19. Bxf6 Bxf6 20. b4 Rac8 21. c5 Qc6 22. Qc4 bxc5 23. b5 Qb6 24. a4 Rfd8 25. Rfd1 Rxd1+ 26. Rxd1 Rd8 27. Rxd8+ Qxd8 28. g3 Qd5 29. Qxd5 exd5 30. a5 Bd8 31. b6 Bxb6 32. axb6 axb6 33. Ne5 f6 34. Nd7 c4 35. Kf1 b5 36. Ke2 Kf7 37. Ke3 Ke6 38. Nc5+ Kd6 39. Kd4 b4 40. Na6 b3 41. Nb4 b2 0-1


[Site "https://www.chess.com"]

[Event "Titled Tuesday Blitz October 18 Late 2022"]
[White "Tarnowska, Aleksandra"]
[Black "Mickiewicz, Piotr"]
[WhiteFideId "1180967"]
[BlackFideId "1114891"]
[WhiteElo "1776"]
[BlackElo "2246"]
[Result "0-1"]
[Round "05"]
[TimeControl "180+1"]
[Date "2022.10.19"]
[WhiteClock "0:00:02"]
[BlackClock "0:00:05"]

1. e4 c6 2. d4 d5 3. Nc3 dxe4 4. Nxe4 Nf6 5. Nxf6+ gxf6 6. Be3 Bf5 7. Bd3 e6 8. Bxf5 Qa5+ 9. Qd2 Qxf5 10. O-O-O Nd7 11. Ne2 Rg8 12. Rhg1 h5 13. Ng3 Qd5 14. h4 Qxa2 15. c3 Nb6 16. Qc2 Qd5 17. b3 Be7 18. Kb1 f5 19. Nxh5 Bxh4 20. g3 Be7 21. Nf4 Qf3 22. Qe2 Qxe2 23. Nxe2 Nd5 24. Bd2 b5 25. Rh1 a5 26. Rh7 a4 27. b4 Nb6 28. Rdh1 Nc4 29. Bf4 Bf6 30. Nc1 Ke7 31. Nd3 Rh8 32. Nc5 Rxh7 33. Rxh7 Rh8 34. Rxh8 Bxh8 35. Na6 f6 36. Nb8 e5 37. Be3 Kd6 38. dxe5+ fxe5 39. Bc5+ Kd5 40. Nd7 e4 41. Nf8 Bxc3 42. Ng6 Ke6 43. Kc2 Be5 44. Nf8+ Kf7 45. Nd7 Bc7 46. g4 fxg4 0-1


[Site "https://www.chess.com"]

[Event "Titled Tuesday Blitz October 18 Late 2022"]
[White "Thomforde-Toates, Noah"]
[Black "Yeletsky, Ivan"]
[WhiteFideId "30951992"]
[BlackFideId "24180327"]
[WhiteElo "2660"]
[BlackElo "2391"]
[Result "0-1"]
[Round "05"]
[TimeControl "180+1"]
[Date "2022.10.18"]
[WhiteClock "0:00:15"]
[BlackClock "0:00:38"]

1. d4 g6 2. Nc3 Nf6 3. Bf4 Bg7 4. e4 d5 5. e5 Ne4 6. Nge2 O-O 7. Nxe4 dxe4 8. Nc3 c5 9. dxc5 Qa5 10. Qd2 Qxc5 11. Qd5 Qb6 12. Qb3 Nc6 13. Qxb6 axb6 14. Nxe4 Nxe5 15. Bxe5 Bxe5 16. c3 Be6 17. a3 Bd5 18. Bd3 Rfd8 19. Ke2 Bc6 20. Bc2 Bb5+ 21. Ke3 f5 22. Ng5 Bc4 23. Rhd1 Bf6 24. f4 e5 25. Nf3 exf4+ 26. Kxf4 Kg7 27. Rxd8 Rxd8 28. Rd1 Bd5 29. g3 h6 30. h4 Bc6 31. Nd4 Bd7 32. Bb3 Re8 33. Bd5 Bc8 34. Rd2 g5+ 35. Kf3 gxh4 36. gxh4 Bxh4 37. Bxb7 Bxb7+ 38. Kf4 Bg5+ 0-1


[Site "https://www.chess.com"]

[Event "Titled Tuesday Blitz October 18 Late 2022"]
[White "Tsaruk, Maksim"]
[Black "Hansen, Eric"]
[WhiteFideId "13511173"]
[BlackFideId "2606771"]
[WhiteElo "2273"]
[BlackElo "2568"]
[Result "1/2-1/2"]
[Round "05"]
[TimeControl "180+1"]
[Date "2022.10.18"]
[WhiteClock "0:00:21"]
[BlackClock "0:00:03"]

1. e4 c5 2. Nf3 e6 3. d4 cxd4 4. Nxd4 a6 5. c4 Nf6 6. Nc3 Qc7 7. a3 b6 8. Be3 Bb7 9. f3 d6 10. Rc1 Nbd7 11. Be2 Be7 12. O-O O-O 13. b4 Rfc8 14. Qe1 Qd8 15. Qf2 Ne5 16. Na4 Nfd7 17. Nb3 Rc6 18. f4 Ng6 19. f5 exf5 20. exf5 Nge5 21. Nd4 Rcc8 22. f6 Nxf6 23. Nf5 Ne4 24. Qe1 Bg5 25. Bxg5 Qxg5 26. Qh4 Qd2 27. Nxb6 Re8 28. Qe1 Qg5 29. Qh4 Qd2 30. Qe1 Qg5 31. Qh4 Qd2 1/2-1/2


[Site "https://www.chess.com"]

[Event "Titled Tuesday Blitz October 18 Late 2022"]
[White "Tsyhanchuk, Stanislav"]
[Black "Shuvalov, Evgenij"]
[WhiteFideId "13505130"]
[BlackFideId "4187237"]
[WhiteElo "2173"]
[BlackElo "2049"]
[Result "0-1"]
[Round "05"]
[TimeControl "180+1"]
[Date "2022.10.19"]
[WhiteClock "0:00:02"]
[BlackClock "0:00:46"]

1. e4 e6 2. d4 d5 3. Nc3 Bb4 4. e5 c5 5. a3 Bxc3+ 6. bxc3 Ne7 7. h4 Qc7 8. h5 h6 9. Rb1 b6 10. Qg4 Rg8 11. Bb5+ Kf8 12. Nf3 Ba6 13. a4 Bxb5 14. axb5 a5 15. O-O Nd7 16. Ba3 Ke8 17. Nh4 cxd4 18. cxd4 Qxc2 19. Rbc1 Qd3 20. Bd6 Nf5 21. Nxf5 Qxf5 22. Qh4 Qg5 23. Qh3 g6 24. f4 Qf5 25. Qc3 Rd8 26. Qc6 gxh5 27. Rf2 h4 28. Ba3 f6 29. Qd6 Kf7 30. Rc7 Kg6 31. Rxd7 Rxd7 32. Qxd7 Qb1+ 33. Kh2 Kf5 34. Qc6 h3 35. Qc2+ Qxc2 36. Rxc2 fxe5 37. fxe5 Rxg2+ 38. Rxg2 hxg2 39. Kxg2 Ke4 40. Bc5 a4 41. Bxb6 a3 42. Ba5 Kd3 43. b6 a2 44. b7 a1=Q 45. b8=Q Qxa5 46. Qb3+ Kxd4 47. Qg3 Qd2+ 48. Kh1 Qc1+ 49. Kg2 Qg5 0-1


[Site "https://www.chess.com"]

[Event "Titled Tuesday Blitz October 18 Late 2022"]
[White "Turutin, Alexander"]
[Black "Domingo Nunez, Ruben"]
[WhiteFideId "4180623"]
[BlackFideId "22245570"]
[WhiteElo "2485"]
[BlackElo "2634"]
[Result "1-0"]
[Round "05"]
[TimeControl "180+1"]
[Date "2022.10.19"]
[WhiteClock "0:00:17"]
[BlackClock "0:00:10"]

1. e4 g6 2. d4 Bg7 3. Nc3 c6 4. f4 d5 5. e5 f6 6. Nf3 Nh6 7. Bd3 Bg4 8. Be3 O-O 9. O-O fxe5 10. dxe5 e6 11. h3 Bxf3 12. Rxf3 d4 13. Bc4 dxe3 14. Bxe6+ Kh8 15. Qxd8 Rxd8 16. Rxe3 Na6 17. g4 Nb4 18. Bb3 Rd4 19. Rf1 Rf8 20. Re4 Rxe4 21. Nxe4 Nd5 22. Bxd5 cxd5 23. Nc3 g5 24. fxg5 Nf7 25. e6 Nxg5 26. e7 Re8 27. Nxd5 Nxh3+ 28. Kg2 Ng5 29. Re1 Kg8 30. Nc7 Kf7 31. Rf1+ Kxe7 32. Re1+ Kd7 33. Nxe8 Bxb2 34. Rb1 Be5 35. Ng7 Kc6 36. Nf5 Ne6 37. Rh1 Ng5 38. Rh5 Bf4 39. Nd4+ Kd5 40. Ne2 Bd2 41. Ng1 Ke4 42. Nh3 Nf3 43. Nf2+ Kf4 44. Rf5+ Ke3 45. Rxf3+ 1-0


[Site "https://www.chess.com"]

[Event "Titled Tuesday Blitz October 18 Late 2022"]
[White "Urazayev, Arystanbek"]
[Black "Cruz, William Ferreira Da"]
[WhiteFideId "13709810"]
[BlackFideId "2118050"]
[WhiteElo "2832"]
[BlackElo "2502"]
[Result "0-1"]
[Round "05"]
[TimeControl "180+1"]
[Date "2022.10.19"]
[WhiteClock "0:00:09"]
[BlackClock "0:00:06"]

1. d4 Nf6 2. Nf3 g6 3. g3 Bg7 4. Bg2 O-O 5. O-O d6 6. Re1 Nbd7 7. e4 e5 8. Nc3 Re8 9. a4 a5 10. h3 exd4 11. Nxd4 Nc5 12. Kh2 h6 13. f4 Bd7 14. b3 c6 15. Ba3 b6 16. Bb2 Qc7 17. Qd2 h5 18. Re2 h4 19. g4 Rad8 20. Rae1 Bc8 21. Bf3 Nfd7 22. g5 Ba6 23. Re3 Nf8 24. Nd1 Nfe6 25. Nxe6 Nxe6 26. Bxg7 Kxg7 27. Rc3 d5 28. e5 c5 29. Nf2 d4 30. Rc4 Bxc4 31. bxc4 d3 32. cxd3 Nd4 33. Bg2 Nf5 34. Ne4 Rd4 35. Nf6 Red8 36. Nd5 Qc6 37. Qc2 Qe6 38. Rb1 Rb8 39. Qe2 Ne7 40. Nf6 Rxf4 41. Re1 Rf5 42. Bd5 Nxd5 43. cxd5 Qe7 44. Qb2 Rxg5 45. d6 Qe6 46. Ne4 Rf5 47. Nxc5 bxc5 48. Qxb8 Qa2+ 49. Kh1 Qf2 50. Qb1 Qf3+ 51. Kh2 Qg3+ 52. Kh1 Rf2 0-1


[Site "https://www.chess.com"]

[Event "Titled Tuesday Blitz October 18 Late 2022"]
[White "Vargas, Mauricio"]
[Black "Clawitter, Craig"]
[WhiteFideId "4404572"]
[BlackFideId "2023105"]
[WhiteElo "2025"]
[BlackElo "2203"]
[Result "1-0"]
[Round "05"]
[TimeControl "180+1"]
[Date "2022.10.19"]
[WhiteClock "0:00:48"]
[BlackClock "0:00:16"]

1. e4 e6 2. f4 d5 3. e5 c5 4. Nf3 Nc6 5. Bb5 Bd7 6. Bxc6 Bxc6 7. O-O Ne7 8. d3 Nf5 9. Qe1 Be7 10. g4 Nh4 11. Nbd2 O-O 12. g5 Nf5 13. c3 d4 14. c4 Ne3 15. Ne4 Nxf1 16. Qxf1 Bxe4 17. dxe4 f6 18. exf6 gxf6 19. gxf6 Rxf6 20. Kh1 Kh8 21. Ng5 Qg8 22. Qh3 Raf8 23. Bd2 Rg6 24. Rg1 Bxg5 25. fxg5 Rf2 26. Bc1 Qf7 27. Qg3 Rg8 28. Qe5+ Qg7 29. Qg3 Rgf8 30. h4 Rf1 31. Qg2 Rxg1+ 32. Kxg1 Qe5 33. b3 d3 34. Bb2 1-0


[Site "https://www.chess.com"]

[Event "Titled Tuesday Blitz October 18 Late 2022"]
[White "Vlassov, Nikolai"]
[Black "Przybylski, Wojciech"]
[WhiteFideId "4103360"]
[BlackFideId "1117599"]
[WhiteElo "2620"]
[BlackElo "2468"]
[Result "0-1"]
[Round "05"]
[TimeControl "180+1"]
[Date "2022.10.19"]
[WhiteClock "0:00:03"]
[BlackClock "0:00:26"]

1. e4 e5 2. Bc4 Nf6 3. d3 Nc6 4. Nf3 Be7 5. O-O O-O 6. Re1 d6 7. a4 Na5 8. Ba2 c5 9. c3 Nc6 10. Bd2 Be6 11. Bxe6 fxe6 12. b4 Qd7 13. Na3 cxb4 14. cxb4 Nd8 15. Qb3 h6 16. Rac1 Nf7 17. Rc2 Rfc8 18. Rec1 Ne8 19. b5 Nf6 20. Nc4 Bd8 21. Bb4 a6 22. b6 Rc6 23. a5 Rac8 24. Ne3 d5 25. Nd2 Kh7 26. h3 Ng5 27. f3 Nf7 28. Kh2 d4 29. Nec4 Nh5 30. Nf1 Bg5 31. Ra1 Qd8 32. g3 Qf6 33. Kg2 Qg6 34. Kf2 Nxg3 35. Nxg3 Bh4 36. Rg1 Ng5 37. Kf1 Qf6 38. Rf2 Nxh3 39. Rgg2 Nxf2 40. Kxf2 Qf4 41. Bd2 Qf6 42. Ke2 Rf8 43. Kf2 Qxf3+ 44. Kg1 Bxg3 45. Nxe5 Qf1# 0-1


[Site "https://www.chess.com"]

[Event "Titled Tuesday Blitz October 18 Late 2022"]
[White "Vujic, Mihailo"]
[Black "Lima, Endson Dos Santos"]
[WhiteFideId "918873"]
[BlackFideId "2133199"]
[WhiteElo "2256"]
[BlackElo "1953"]
[Result "1-0"]
[Round "05"]
[TimeControl "180+1"]
[Date "2022.10.19"]
[WhiteClock "0:01:44"]
[BlackClock "0:01:13"]

1. e4 c5 2. c3 Nf6 3. e5 Nd5 4. Nf3 d6 5. d4 cxd4 6. cxd4 Nc6 7. Bc4 Nb6 8. Bb3 g6 9. Ng5 e6 10. exd6 Bxd6 11. h4 h6 12. Ne4 Be7 13. Be3 Nd5 14. Nbc3 Nxe3 15. fxe3 Bxh4+ 16. g3 Bf6 17. Qf3 Bg7 18. O-O-O O-O 19. d5 exd5 20. Nxd5 Qa5 21. Nef6+ Bxf6 22. Qxf6 Bf5 23. Rxh6 Qc5+ 24. Kd2 1-0


[Site "https://www.chess.com"]

[Event "Titled Tuesday Blitz October 18 Late 2022"]
[White "Vusatiuk, Vladimir"]
[Black "Romero Ruscalleda, Josep"]
[WhiteFideId "14118610"]
[BlackFideId "2231859"]
[WhiteElo "2208"]
[BlackElo "2317"]
[Result "1-0"]
[Round "05"]
[TimeControl "180+1"]
[Date "2022.10.19"]
[WhiteClock "0:00:11"]
[BlackClock "0:00:01"]

1. Nf3 g6 2. g3 Bg7 3. Bg2 d6 4. O-O e5 5. d4 exd4 6. Bg5 Ne7 7. Nxd4 O-O 8. Nc3 f6 9. Be3 Nbc6 10. Qd2 Ne5 11. Bh6 Nc4 12. Qc1 c5 13. Bxg7 Kxg7 14. Nf3 Ne5 15. Rd1 Be6 16. Nxe5 fxe5 17. Bxb7 Rb8 18. Bg2 Nf5 19. e3 Qb6 20. b3 c4 21. Ne4 d5 22. Ng5 cxb3 23. axb3 e4 24. Rxa7+ Qxa7 25. Nxe6+ Kg8 26. Nxf8 Rxf8 27. Rxd5 Re8 28. Qd1 Rc8 29. Rd8+ Rxd8 30. Qxd8+ Kg7 31. Bxe4 Nxe3 32. Qa8 Qxa8 33. Bxa8 Nxc2 34. Kf1 Kf6 35. Bd5 Ke5 36. Bg8 h6 37. f4+ Kf6 38. Ke2 g5 39. fxg5+ Kxg5 40. Kd3 Nb4+ 41. Kc4 Na2 42. b4 1-0


[Site "https://www.chess.com"]

[Event "Titled Tuesday Blitz October 18 Late 2022"]
[White "Wieczorek, Oskar"]
[Black "Kanter, Eduard"]
[WhiteFideId "1133950"]
[BlackFideId "4103963"]
[WhiteElo "2745"]
[BlackElo "2500"]
[Result "1-0"]
[Round "05"]
[TimeControl "180+1"]
[Date "2022.10.19"]
[WhiteClock "0:00:35"]
[BlackClock "0:00:18"]

1. e4 c5 2. Nf3 d6 3. d4 cxd4 4. Nxd4 Nf6 5. Nc3 g6 6. Be3 Bg7 7. f3 O-O 8. Qd2 Nc6 9. Bc4 Bd7 10. Bb3 Rc8 11. h4 h5 12. O-O-O Ne5 13. Bg5 Rc5 14. Kb1 Re8 15. g4 hxg4 16. f4 Nc4 17. Qd3 Na5 18. f5 Nxb3 19. Nxb3 Rxc3 20. bxc3 Bc6 21. fxg6 fxg6 22. Qc4+ Kh7 23. Bxf6 exf6 24. h5 Bxe4 25. Qf7 g5 26. h6 Re7 27. hxg7+ Bxh1 28. g8=Q+ Kh6 29. Qh8+ Qxh8 30. Rxh1# 1-0


[Site "https://www.chess.com"]

[Event "Titled Tuesday Blitz October 18 Late 2022"]
[White "Winkels, Marcel"]
[Black "Moaataz, Ayah"]
[WhiteFideId "1003887"]
[BlackFideId "10615873"]
[WhiteElo "1900"]
[BlackElo "1993"]
[Result "1-0"]
[Round "05"]
[TimeControl "180+1"]
[Date "2022.10.19"]
[WhiteClock "0:00:40"]
[BlackClock "0:00:04"]

1. d4 c6 2. e4 d5 3. exd5 cxd5 4. c4 Nf6 5. Nc3 g6 6. cxd5 Bg7 7. Bb5+ Nbd7 8. d6 exd6 9. Qe2+ Qe7 10. Bf4 d5 11. Bd6 Qxe2+ 12. Ngxe2 a6 13. Bd3 Bf8 14. Be5 Be7 15. Nxd5 Nxd5 16. Bxh8 f6 17. Bg7 Bb4+ 18. Kf1 Bd2 19. Rd1 Bf4 20. g3 Bd6 21. h4 Nb4 22. Bb1 b5 23. Be4 Rb8 24. a3 f5 25. Bf3 Kf7 26. Bh6 Nc2 27. Rc1 Nxa3 28. bxa3 Bxa3 29. Rc7 Bd6 30. Rc6 Be7 31. Kg2 Bb7 32. Rc7 Bxf3+ 33. Kxf3 Nf6 34. Bf4 Rb6 35. Rhc1 Nd5 36. R7c6 Rb7 37. Bd6 Bd8 38. Nf4 Nf6 39. Bc7 Be7 40. Be5 Ne4 41. Rc7 Rxc7 42. Rxc7 b4 43. d5 Ke8 44. d6 Bxd6 45. Bxd6 Nxd6 46. Rc6 Nb5 47. Rxa6 b3 48. Rb6 Nd4+ 49. Ke3 Nc2+ 50. Kd2 Nd4 51. Kc3 Ne2+ 52. Nxe2 1-0


[Site "https://www.chess.com"]

[Event "Titled Tuesday Blitz October 18 Late 2022"]
[White "Yi, Richard"]
[Black "Daeschler, Florian"]
[WhiteFideId "2079518"]
[BlackFideId "20678193"]
[WhiteElo "2147"]
[BlackElo "2187"]
[Result "1-0"]
[Round "05"]
[TimeControl "180+1"]
[Date "2022.10.19"]
[WhiteClock "0:00:14"]
[BlackClock "0:01:16"]

1. e4 c5 2. Nf3 d6 3. d4 cxd4 4. Nxd4 Nf6 5. Nc3 e6 6. g4 h6 7. Bg2 e5 8. Nf5 g6 9. Ne3 Nc6 10. Ned5 Nxg4 11. Nb5 Qa5+ 12. Bd2 Qd8 13. Nbc7+ Kd7 14. Qxg4+ f5 15. exf5 Nd4 16. fxg6+ Kc6 17. Qd1 Bf5 18. Nxa8 Qxa8 19. O-O Kd7 20. c3 Ne6 21. Qa4+ Kd8 22. Nf6 Nc7 23. Rad1 Qc8 24. Qxa7 Bg7 25. Nh5 Rg8 26. Qxb7 Qd7 27. Qb8+ Qc8 28. Qxc8+ Kxc8 29. Nxg7 Rxg7 30. f4 Rxg6 31. Rf2 e4 32. Be3 Bg4 33. Rd4 d5 34. Kh1 Be6 35. f5 Bxf5 36. Rxf5 Kb7 37. Rfxd5 Nxd5 38. Rxd5 Ra6 39. Bxe4 Kc7 40. Bf4+ Kc8 41. Rc5+ Kd7 42. Rc7+ Ke8 43. Be3 Re6 44. Bc6+ Kd8 45. Rd7+ Kc8 46. Bb6 Rxc6 47. Rc7+ Rxc7 48. Bxc7 Kxc7 49. Kg2 Kc6 50. Kf3 Kc5 51. Kg4 Kc4 52. Kh5 Kd3 53. Kxh6 Kc2 54. Kg5 Kxb2 55. h4 Kxc3 56. h5 Kb4 57. h6 Ka3 58. h7 Kxa2 59. h8=Q Kb1 60. Qc3 Ka2 61. Qb4 Ka1 62. Kf4 Ka2 63. Ke3 Ka1 64. Kd2 Ka2 65. Kc2 1-0


[Site "https://www.chess.com"]

[Event "Titled Tuesday Blitz October 18 Late 2022"]
[White "Zhigalko, Sergei"]
[Black "Abdyzhapar, Asylbek"]
[WhiteFideId "13502956"]
[BlackFideId "13800337"]
[WhiteElo "2662"]
[BlackElo "2323"]
[Result "1-0"]
[Round "05"]
[TimeControl "180+1"]
[Date "2022.10.18"]
[WhiteClock "0:00:02"]
[BlackClock "0:00:08"]

1. e4 d6 2. d4 Nf6 3. Nc3 g6 4. Nf3 Bg7 5. h3 O-O 6. Be3 Nbd7 7. Bc4 c6 8. e5 Nd5 9. Bxd5 cxd5 10. exd6 e6 11. Bf4 Qb6 12. Qd2 a6 13. Rb1 Re8 14. O-O f6 15. Rfe1 Qc6 16. Re2 b5 17. Rbe1 Nf8 18. a3 Bd7 19. Na2 a5 20. Nc1 g5 21. Bg3 Ng6 22. Nd3 Bf8 23. h4 g4 24. Nh2 h5 25. f3 Kh7 26. fxg4 Bh6 27. Qd1 hxg4 28. Nxg4 Bg7 29. h5 Nf8 30. Nc5 e5 31. Rf2 exd4 32. Rxe8 Rxe8 33. b4 axb4 34. axb4 f5 35. h6 Bh8 36. Nh2 Ng6 37. Qd2 Bf6 38. Nf3 Re4 39. Ng5+ Bxg5 40. Qxg5 Rg4 41. Qf6 Kxh6 42. Be5 Be8 43. Rf3 Rh4 44. Rg3 Rh5 45. Qg7# 1-0


[Site "https://www.chess.com"]

[Event "Titled Tuesday Blitz October 18 Late 2022"]
[White "Zhurbinsky, David"]
[Black "Koziorowicz, Michal"]
[WhiteFideId "2072904"]
[BlackFideId "21809194"]
[WhiteElo "2593"]
[BlackElo "2220"]
[Result "1-0"]
[Round "05"]
[TimeControl "180+1"]
[Date "2022.10.18"]
[WhiteClock "0:00:09"]
[BlackClock "0:00:06"]

1. e4 c5 2. Nf3 d6 3. d4 cxd4 4. Nxd4 Nf6 5. f3 g6 6. c4 Bg7 7. Nc3 O-O 8. Be3 Nc6 9. Be2 Nxd4 10. Bxd4 Be6 11. O-O a6 12. Rc1 Qa5 13. Kh1 Rfc8 14. b3 h5 15. f4 Bg4 16. Bxf6 Bxe2 17. Qxe2 Bxf6 18. Nd5 Qd8 19. e5 Bg7 20. exd6 exd6 21. Ne7+ Kh7 22. Nxc8 Rxc8 23. Rcd1 Qc7 24. Rf3 Qc6 25. Qe7 Rc7 26. Qxd6 Qxd6 27. Rxd6 b5 28. Rxa6 bxc4 29. bxc4 Rxc4 30. g3 Bd4 31. Rd3 h4 32. Kg2 Kh6 33. Kh3 Bf2 34. Rf3 hxg3 35. hxg3 Bd4 36. a4 Bc3 37. g4 Bd2 38. Kg3 Be1+ 39. Kg2 Bd2 40. f5 Kg5 41. fxg6 fxg6 42. Rd3 Bf4 43. Rd5+ Kh6 44. Rh5+ Kg7 45. Ra7+ Kg8 46. Rd5 Rc8 47. Rdd7 Be5 48. a5 Kf8 49. a6 Ke8 50. Re7+ 1-0


[Site "https://www.chess.com"]